 Dungeon Crawl Stone Soup version 0.32-a0-391-gce5c0aab1b (webtiles) character file.

Game seed: 146015670146162396

588 CougarLife the Digger (level 7, 0/36 HPs)
             Began as a Gargoyle Earth Elementalist on Feb 20, 2024.
             Slain by Crazy Yiuf
             ... wielding a +4 quarterstaff of chaos
              (8 damage)
             ... on level 2 of the Dungeon.
             The game lasted 00:03:08 (2978 turns).

CougarLife the Digger (Gargoyle Earth Elementalist) Turns: 2978, Time: 00:03:08

Health: 0/36       AC:  6    Str: 11    XL:     7   Next: 38%
Magic:  10/13      EV: 11    Int: 18    God:
Gold:   122        SH:  0    Dex: 10    Spells: 14/15 levels left

rFire   . . .        n - +0 dagger
rCold   . . .        (no shield)
rNeg    + . .        a - +0 robe
rPois   ∞            (no helmet)
rElec   +            (no cloak)
rCorr   .            (no gloves)
SInv    .            (no boots)
Will    .....        (no amulet)
Stlth   ++           t - ring of wizardry
HPRegen 0.26/turn    (no ring)
MPRegen 0.13/turn

%: wizardry (x1)
@: no status effects
A: sickness immunity, AC +4, negative energy resistance 1, electricity
resistance, torment resistance 1, petrification resistance
a: no special abilities


You were on level 2 of the Dungeon.
You visited 1 branch of the dungeon, and saw 4 of its levels.

You collected 122 gold pieces.

Inventory:

Hand Weapons
 n - a +0 dagger (weapon)
Missiles
 o - 9 stones
Armour
 a - a +0 robe (worn)
Jewellery
 t - a ring of wizardry (left hand)
Wands
 u - a wand of flame (24)
Scrolls
 c - 4 scrolls of identify {unknown}
 h - 4 scrolls of poison {unknown}
 i - a scroll of noise {unknown}
 j - a scroll of amnesia {unknown}
 k - 2 scrolls of teleportation {unknown}
 l - a scroll of vulnerability {unknown}
 r - a scroll of blinking {unknown}
 s - a scroll of torment {unknown}
 v - a scroll of immolation {unknown}
Potions
 b - a potion of magic
 d - a potion of degeneration {unknown}
 e - 2 potions of might {unknown}
 f - a potion of mutation {unknown}
 g - 2 potions of enlightenment {unknown}
 m - a potion of heal wounds {unknown}
 p - a potion of attraction {unknown}
 q - a potion of curing {unknown}


   Skills:
 - Level 1.5 Dodging
 - Level 2.1 Stealth
 + Level 4.5 Spellcasting
 + Level 4.8 Conjurations
 + Level 6.4 Earth Magic


You had 14 spell levels left.
You knew the following spells:

 Your Spells              Type           Power      Damage    Failure   Level
a - Sandblast             Erth           54%        2d13      1%          1

Your spell library contained the following spells:

 Spells                   Type           Power      Damage    Failure   Level
 Passwall                 Erth           27%        N/A       1%          3
 Stone Arrow              Conj/Erth      48%        3d10      1%          3
 Summon Small Mammal      Summ           16%        N/A       6%          1
 Brom's Barrelling Bould  Conj/Erth      24%        2d5       6%          4
 Call Canine Familiar     Summ           4%         N/A       16%         3
 Frozen Ramparts          Ice            8%         1d2       16%         3
 Leda's Liquefaction      Alch/Erth      7%         N/A       16%         4
 Petrify                  Alch/Erth      15%        N/A       16%         4
 Dispel Undead            Necr           4%         3d7       45%         4
 Martyr's Knell           Necr/Summ      4%         N/A       45%         4
 Summon Blazeheart Golem  Fire/Summ      4%         N/A       45%         4
 Metabolic Englaciation   Hex/Ice        2%         N/A       80%         5
 Death Channel            Necr           2%         N/A       100%        6
 Cigotuvi's Dreadful Rot  Necr/Alch/Air  Unusable   N/A       N/A         2

Dungeon Overview and Level Annotations

Branches:
Dungeon (4/15)
 Temple: D:4-7

Altars:
Wu Jian
Yredelemnul

Annotations:
D:2 Crazy Yiuf


Innate Abilities, Weirdness & Mutations

You are immune to sickness and miasma.
Your stone body is resilient. (AC +4)
You are immune to poison.
You resist negative energy. (rN+)
You are resistant to electric shocks. (rElec)
You are resistant to unholy torment.
You are immune to petrification.


Message History

Could not explore, unopened runed door.
No reachable target in view!
You can't see any susceptible monsters within range! (Use Z to cast anyway.) Could not explore, unopened runed door.
You open the door.
Crazy Yiuf shouts!
Crazy Yiuf says, "Action!"
Casting: Sandblast (safe; 1% risk of failure)
Confirm with . or Enter, or press ? or * to list all spells.
You don't know that spell.
Unknown command.
Casting: Sandblast (safe; 1% risk of failure)
Confirm with . or Enter, or press ? or * to list all spells.
Aiming: Sandblast (safe; 1% risk of failure)
Press: ? - help, Shift-Dir - straight line, f - Crazy Yiuf
Aim: Crazy Yiuf, wielding a +4 quarterstaff of chaos and wearing a +1 cloak (85% to hit)
The blast of sand hits Crazy Yiuf but does no damage.
Casting: Sandblast (safe; 1% risk of failure)
Confirm with . or Enter, or press ? or * to list all spells.
Aiming: Sandblast (safe; 1% risk of failure)
Press: ? - help, Shift-Dir - straight line, f/p - Crazy Yiuf
Aim: Crazy Yiuf, wielding a +4 quarterstaff of chaos and wearing a +1 cloak (85% to hit)
The blast of sand hits Crazy Yiuf!
Crazy Yiuf is heavily wounded.
Crazy Yiuf says, "Ice illywillydillykilly senile!"
Crazy Yiuf hits you with a +4 quarterstaff of chaos!
Crazy Yiuf hits you with a +4 quarterstaff of chaos!!
Ouch! That really hurt!
* * * LOW HITPOINT WARNING * * *
Crazy Yiuf burns you.
* * * LOW HITPOINT WARNING * * *
Casting: Sandblast (safe; 1% risk of failure)
Confirm with . or Enter, or press ? or * to list all spells.
Aiming: Sandblast (safe; 1% risk of failure)
Press: ? - help, Shift-Dir - straight line, f/p - Crazy Yiuf
Aim: Crazy Yiuf, wielding a +4 quarterstaff of chaos and wearing a +1 cloak (heavily wounded, 85% to hit)
The blast of sand hits Crazy Yiuf!
Crazy Yiuf is almost dead.
Crazy Yiuf hits you with a +4 quarterstaff of chaos!
You die...

..#.# #..........#
..#.########.#....##.##
..#.##.......#..####.#
..<.....######### ###
######## .......## #......#
..#.##.## ###.####
........##♣♣ ### #...#
.##.###....♣♣ ♣♣#..)# ###.#
.##.#.......♣♣♣♣@g...# #.#
.##.#.<......♣..♣#...# #.#
............♣.♣♣♣ ### #.#
.#......##♣♣♣♣♣ #.#
.#......# #.#
.#......######### ##### #.#
.#.........#.##.# #...# #.#
..............#.#####.# #.#
.......÷.#..#.#.......####.#


You could see Crazy Yiuf.

Vanquished Creatures
  Menkaure (D:4)
  A phantom (D:4)
  Jessica (D:2)
  A scorpion zombie (D:3)
  Natasha (thrice) (D:2)
  A hound zombie (D:3)
  4 adders
  10 gnolls
  2 adder zombies (D:3)
  A ribbon worm (D:2)
  A dart slug (D:1)
  4 orcs (D:3)
  7 ball pythons
  6 endoplasms
  4 giant cockroaches
  4 goblins
  A hobgoblin (D:1)
  2 jackals (D:2)
  10 kobolds
  2 quokkas
  4 bats
  2 frilled lizards
  A rat (D:1)
73 creatures vanquished.

Notes
Turn   | Place    | Note
-------+----------+-------------------------------------------
     0 | D:1      | CougarLife the Gargoyle Earth Elementalist began the quest
                  | for the Orb.
     0 | D:1      | Reached XP level 1. HP: 10/10 MP: 3/3
    44 | D:1      | Reached XP level 2. HP: 15/15 MP: 1/5
   142 | D:1      | Reached skill level 4 in Earth Magic
   344 | D:1      | Reached XP level 3. HP: 19/19 MP: 4/6
  1243 | D:2      | Found an ornate altar of the Wu Jian Council.
  1246 | D:2      | Reached XP level 4. HP: 24/24 MP: 6/8
  1407 | D:2      | Noticed Jessica
  1409 | D:2      | Killed Jessica
  1410 | D:2      | Reached XP level 5. HP: 28/28 MP: 7/9
  1458 | D:2      | Noticed Natasha
  1462 | D:2      | Killed Natasha
  1463 | D:2      | Reached skill level 5 in Earth Magic
  1757 | D:2      | Noticed Natasha
  1774 | D:2      | Killed Natasha
  1840 | D:2      | Reached XP level 6. HP: 32/32 MP: 7/11
  2109 | D:2      | Noticed Natasha
  2115 | D:2      | Killed Natasha
  2169 | D:2      | Found a runed translucent door.
  2170 | D:2      | Noticed Crazy Yiuf
  2222 | D:2      | You fall into a shaft and drop 2 floors!
  2354 | D:4      | Noticed Menkaure
  2361 | D:4      | Killed Menkaure
  2362 | D:4      | Reached skill level 6 in Earth Magic
  2362 | D:4      | Reached XP level 7. HP: 31/36 MP: 6/13
  2573 | D:3      | Found a basalt altar of Yredelemnul.
  2978 | D:2      | Slain by Crazy Yiuf

Illustrated notes

Levels and vault maps discovered:
D:1:      nzn_arrival_water_spiral, layout_loops_cross, moated_statue,
          serial_bayou_pond_e, grunt_decor_one_mirror
D:2:      layout_basic, basic_altar, glass_columns_a, kennysheep_minor_cross,
          uniq_jessica, uniq_crazy_yiuf_cottage, uniq_natasha
D:3:      layout_basic, nicolae_yredelemnul_corpse_copse, minmay_misc_feat_iff
D:4:      layout_loops_cross, serial_shops, shop, uniq_menkaure

Skill      XL: |  1  2  3  4  5  6 |
---------------+-------------------+-----
Earth Magic    | 4 5 6 |  6.4
Conjurations   | 2 3 4 |  4.8
Spellcasting   | 3 4 |  4.5
Dodging        | |  1.5
Stealth        | |  2.1

Action                     |  1- 3 |  4- 6 |  7- 9 || total
---------------------------+-------+-------+-------++-------
  Melee: Unarmed           |     2 |       |       ||     2
         Dagger            |     1 |       |       ||     1
   Cast: Sandblast         |    38 |    52 |    32 ||   122
 Armour: Robe              |     8 |    16 |    12 ||    36
  Dodge: Dodged            |     6 |    10 |     7 ||    23

Table legend: (Time is in decaauts)
 A = Elapsed time spent in this place.
 B = Non-inter-level travel time spent in this place.
 C = Inter-level travel time spent in this place.
 D = Time resting spent in this place.
 E = Time spent auto-exploring this place.
 F = Levels seen in this place.
 G = Mean time per level.
                   A        B        C        D        E       F      G
               +--------+--------+--------+--------+--------+-----+--------+
         Total |   3052 |   2990 |     62 |    132 |   2399 |   4 |  763.0 |
       Dungeon |   3052 |   2990 |     62 |    132 |   2399 |   4 |  763.0 |
               +--------+--------+--------+--------+--------+-----+--------+

Top non-repeatable levels by time:
     D:2: 1575 daAuts
     D:1: 892 daAuts
     D:3: 386 daAuts
     D:4: 197 daAuts
